 Dungeon Crawl Stone Soup version 0.29.0-11-gd7f09526c8 (webtiles) character file.

Game seed: 5555397714666498979

3374 greasedhog the Grappler (level 9, -1/89 HPs)
             Began as a Troll Fighter on Sept 6, 2022.
             Was a Follower of Wu Jian.
             Slain by a five-headed hydra (8 damage)
             ... on level 9 of the Dungeon.
             The game lasted 00:07:40 (5224 turns).

greasedhog the Grappler (Troll Fighter)             Turns: 5224, Time: 00:07:40

Health: -1/89      AC:  4    Str: 25    XL:     9   Next: 74%
Magic:  8/8        EV: 13    Int: 18    God:    Wu Jian [*.....]
Gold:   1009       SH:  8    Dex:  8    Spells: 8/8 levels left

rFire   . . .      SeeInvis .     - Unarmed
rCold   . . .      Faith    .   b - +0 kite shield
rNeg    . . .      Spirit   .   a - +0 robe
rPois   .          Reflect  .   (helmet restricted)
rElec   .          Harm     +   u - scarf {harm}
rCorr   .          Rampage  .   (gloves unavailable)
Will    .....                   (boots unavailable)
Stlth   +.........              (no amulet)
HPRegen 1.04/turn               e - +6 ring of intelligence
MPRegen 0.11/turn               o - +4 ring of evasion

@: about to teleport
A: large, unfitting armour, claws 3, regeneration 1, shaggy fur 1, tough skin 1,
hooves 1, clever 1, sturdy frame 1
a: Renounce Religion


You were on level 9 of the Dungeon.
You worshipped Wu Jian.
Wu Jian was aware of your devotion.
You visited 2 branches of the dungeon, and saw 8 of its levels.

You collected 1009 gold pieces.

Inventory:

Missiles
 s - 6 atropa-tipped darts (quivered)
Armour
 a - a +0 robe (worn)
 b - a +0 kite shield (worn)
 i - a +0 cloak
 u - a scarf of harm (worn)
Jewellery
 e - a +6 ring of intelligence (left claw)
 o - a +4 ring of evasion (right claw)
 v - a ring of positive energy
 x - a ring of protection from cold
Wands
 q - a wand of mindburst (6)
Scrolls
 f - 2 scrolls of teleportation
 l - 2 scrolls of amnesia
 n - a scroll of blinking {unknown}
 p - a scroll of fear {unknown}
 r - a scroll of magic mapping {unknown}
 t - a scroll of enchant armour {unknown}
 w - a scroll of identify
 y - a scroll of noise {unknown}
Potions
 c - 2 potions of might
 d - 2 potions of mutation
 g - 5 potions of curing
 h - 3 potions of heal wounds {unknown}
 j - 2 potions of attraction {unknown}
 k - 2 potions of haste {unknown}
 m - a potion of ambrosia {unknown}
 z - a potion of degeneration {unknown}
 A - a potion of brilliance {unknown}


   Skills:
 + Level 6.2 Fighting
 + Level 3.4 Dodging
 + Level 6.7 Shields
 * Level 9.8 Unarmed Combat


You had 8 spell levels left.
You didn't know any spells.
Your spell library contained the following spells:

 Spells                   Type           Power      Damage    Failure   Level
 Sting                    Tmut/Pois      0%         1d3       41%         1
 Sublimation of Blood     Necr           0%         N/A       56%         2
 Airstrike                Air            0%         2d(0-16)  99%         4
 Petrify                  Tmut/Erth      0%         N/A       99%         4
 Summon Ice Beast         Ice/Summ       0%         N/A       99%         4
 Summon Lightning Spire   Summ/Air       0%         N/A       99%         4
 Alistair's Intoxication  Tmut/Pois      0%         N/A       100%        5
 Irradiate                Conj/Tmut      0%         3d11      100%        5
 Lightning Bolt           Conj/Air       0%         1d11      100%        5


Dungeon Overview and Level Annotations

Branches:
Dungeon (9/15)             Temple (1/1) D:5            Lair (0/5) D:9
    Orc: D:9-12

Altars:
Ashenzari
Cheibriados
Fedhas
Gozag
Hepliaklqana
Makhleb
Nemelex Xobeh
Qazlal
Ru
Sif Muna
Trog
Uskayaw
Vehumet
Wu Jian
Xom
Yredelemnul
Zin
The Shining One

Shops:
D:9 :

Annotations:
D:4 1 runed translucent door, xian's ghost, amateur MiWn
D:9 exclusion: statue


Innate Abilities, Weirdness & Mutations

You are too large for most types of armour.
You have claws for hands.
Your natural rate of healing is unusually fast.
You are covered in fur. (AC +1)
You have tough skin. (AC +1)
You have large cloven feet.
Your mind is acute. (Int +4, Str/Dex -1)
Your movements are slightly less encumbered by armour. (ER -2)


Message History

The Council accepts your kill.
You feel sick.
You are no longer poisoned.
Aiming: Mindburst
Press: ? - help, Shift-Dir - straight line, f - five-headed hydra
Aim: a five-headed hydra (chance to affect: 29%)
The five-headed hydra easily resists.
The five-headed hydra bites you.
The five-headed hydra closely misses you. x2
You block the five-headed hydra's attack.
The five-headed hydra bites you.
Aiming: Mindburst
Press: ? - help, Shift-Dir - straight line, f/p - five-headed hydra
Aim: a five-headed hydra (chance to affect: 29%)
The five-headed hydra easily resists.
The five-headed hydra bites you! The five-headed hydra bites you.
The five-headed hydra closely misses you.
The five-headed hydra barely misses you.
The five-headed hydra misses you.
Aiming: Mindburst
Press: ? - help, Shift-Dir - straight line, f/p - five-headed hydra
Aim: a five-headed hydra (chance to affect: 29%)
The five-headed hydra's minds are blasted!
The five-headed hydra barely misses you.
The five-headed hydra bites you.
The five-headed hydra closely misses you.
The five-headed hydra bites you.
The five-headed hydra closely misses you.
As you read the scroll of teleportation, it crumbles to dust.
You feel strangely unstable.
You block the five-headed hydra's attack. x2
The five-headed hydra bites you. The five-headed hydra bites you!
* * * LOW HITPOINT WARNING * * *
The five-headed hydra bites you!
* * * LOW HITPOINT WARNING * * *
It was a potion of curing.
You feel better. The five-headed hydra bites you.
* * * LOW HITPOINT WARNING * * *
The five-headed hydra bites you!
* * * LOW HITPOINT WARNING * * *
The five-headed hydra bites you!
You die...

K..# ..K# .
...##..
.......
.......
.K.....
#######KK.....
#....@DKKK.#
##.#########
#.#....#
#.##.#.#
##.##.#.#
#.....#.#
#######.#
..... #.#
..... #.# ....


You could see a five-headed hydra and 6 kobolds.

Vanquished Creatures
  Prince Ribbit (D:5)
  3 yaks (D:9)
  A wyvern (D:9)
  2 basilisks (D:9)
  3 water moccasins (D:9)
  An orc warrior (D:9)
  5 black bears
  2 ice beasts (D:5)
  An ogre (D:5)
  A wolf (D:9)
  A phantom (D:5)
  Blork the orc (D:5)
  A kobold brigand (D:9)
  A necrophage (D:6)
  4 scorpions
  A killer bee (D:9)
  A jelly (D:5)
  A gnoll bouda (D:6)
  An orc priest (D:9)
  Natasha (D:3)
  4 iguanas
  5 orc wizards
  Robin (D:3)
  3 gnolls (D:6)
  5 adders
  5 dart slugs
  18 orcs
  9 ball pythons
  3 endoplasms (D:1)
  3 giant cockroaches
  12 goblins
  9 hobgoblins
  2 jackals (D:3)
  4 quokkas
  9 bats
  3 frilled lizards
  8 kobolds
  8 rats
144 creatures vanquished.

Vanquished Creatures (others)
  5 fungi (D:9)
  8 plants (D:9)
13 creatures vanquished.

Grand Total: 157 creatures vanquished

Notes
Turn   | Place    | Note
-------+----------+-------------------------------------------
     0 | D:1      | greasedhog the Troll Fighter began the quest for the Orb.
     0 | D:1      | Reached XP level 1. HP: 22/22 MP: 0/0
    94 | D:1      | Reached XP level 2. HP: 29/29 MP: 1/1
   783 | D:1      | Found a faded altar of an unknown god.
   877 | D:1      | Identified a scroll of acquirement
   884 | D:1      | Acquired 736 gold pieces
   988 | D:2      | Reached XP level 3. HP: 36/36 MP: 2/2
  1176 | D:2      | Reached skill level 3 in Unarmed Combat
  1514 | D:2      | Got Weseluire's Directory of Ice and Reformation
  1677 | D:3      | Reached XP level 4. HP: 44/44 MP: 3/3
  1870 | D:3      | Noticed Natasha
  1875 | D:3      | Killed Natasha
  2024 | D:3      | Noticed Robin
  2062 | D:3      | Killed Robin
  2180 | D:3      | Reached XP level 5. HP: 53/53 MP: 4/4
  2511 | D:4      | Reached skill level 4 in Unarmed Combat
  2961 | D:4      | Noticed a black bear
  2981 | D:4      | Killed a black bear
  2982 | D:4      | Reached XP level 6. HP: 45/61 MP: 5/5
  3250 | D:4      | Found a runed translucent door.
  3250 | D:4      | Noticed a wyvern
  3250 | D:4      | Noticed xian's ghost (amateur MiWn)
  3485 | D:5      | Entered Level 5 of the Dungeon
  3573 | D:5      | Noticed Blork the orc
  3581 | D:5      | Killed Blork the orc
  3582 | D:5      | Reached skill level 5 in Unarmed Combat
  3607 | D:5      | Noticed an ice beast
  3616 | D:5      | Killed an ice beast
  3672 | D:5      | Reached XP level 7. HP: 56/68 MP: 6/6
  3866 | D:5      | Reached skill level 6 in Unarmed Combat
  3899 | D:5      | Noticed Prince Ribbit
  3916 | D:5      | Killed Prince Ribbit
  3983 | D:5      | Found a staircase to the Ecumenical Temple.
  4069 | Temple   | Entered the Ecumenical Temple
  4076 | Temple   | Became a worshipper of the Wu Jian Council
  4121 | D:5      | Reached skill level 5 in Shields
  4121 | D:5      | Reached XP level 8. HP: 79/79 MP: 7/7
  4163 | D:5      | Reached skill level 7 in Unarmed Combat
  4930 | D:6      | You fall into a shaft and drop 3 floors!
  4980 | D:9      | Reached skill level 5 in Fighting
  5002 | D:9      | Reached skill level 8 in Unarmed Combat
  5012 | D:9      | Reached * piety under Wu Jian
  5020 | D:9      | Reached XP level 9. HP: 26/88 MP: 8/8
  5028 | D:9      | Reached skill level 9 in Unarmed Combat
  5039 | D:9      | Found a staircase to the Lair.
  5119 | D:9      | Found Roim's Book Boutique.
  5133 | D:9      | Found a radiant altar of Vehumet.
  5212 | D:9      | Noticed a five-headed hydra
  5218 | D:9      | Gained mutation: Your mind is acute. (Int +4, Str/Dex -1)
                  | [potion of mutation]
  5218 | D:9      | Gained mutation: Your movements are slightly less
                  | encumbered by armour. (ER -2) [potion of mutation]
  5218 | D:9      | Gained mutation: You have large cloven feet. [potion of
                  | mutation]
  5224 | D:9      | Slain by a five-headed hydra

Illustrated notes

Levels and vault maps discovered:
D:1:      minmay_arrival_four_houses, layout_basic,
          dilly_ecumenical_altar_fadedgnrine, amethyst_killhole, minmay_tripent
D:2:      layout_basic
D:3:      minmay_diamond_boxcup, layout_loops_ring,
          hangedman_abyss_or_decor_stabs, dk_noncrumbling_2,
          minmay_misc_feat_rugged, minivault_19, minmay_goblin_kobold_house,
          uniq_natasha, uniq_robin
D:4:      layout_cave_pods, ebering_ghost_inner_flame, minmay_unequal
D:5:      layout_loops_corners, minmay_temple_entry_stoned_glass,
          water_boxes_lemuel, uniq_blork_the_orc, uniq_prince_ribbit1
D:6:      layout_basic, elyvilon_altar_3, nicolae_elevator_lobby_asterisk
D:9:      minmay_twisted_water, layout_basic, gammafunk_temple_overflow_statue,
          vehumet_statue, minmay_lair_entry_grove, serial_shops,
          nicolae_shop_behind_doors, shop_statue
Temple:   sentei_temple_godly_chess

Skill      XL: |  1  2  3  4  5  6  7  8  9 |
---------------+----------------------------+-----
Shields        | 3 4 5 6 |  6.7
Unarmed Combat | 3 4 5 6 8 9 |  9.8
Fighting       | 3 4 5 6 |  6.2
Dodging        | 3 |  3.4

Action                   |  1- 3 |  4- 6 |  7- 9 || total
-------------------------+-------+-------+-------++-------
Melee: Unarmed           |   102 |   124 |   185 ||   411
Invok: Lunge             |       |       |     6 ||     6
Evoke: Wand              |       |       |     5 ||     5
  Use: Scroll            |     3 |       |     2 ||     5
       Potion            |       |       |     4 ||     4
 Stab: Sleeping          |     1 |     1 |     1 ||     3
Armor: Robe              |    29 |    35 |    24 ||    88
Dodge: Dodged            |    26 |    72 |    82 ||   180
Block: Kite shield       |    37 |    42 |    52 ||   131
